 Dungeon Crawl Stone Soup version 0.29-a0-284-gf9362112df (webtiles) character file.

Game seed: 5992354317509957088

2 siradein the Caller (level 1, 0/13 HPs)
             Began as a Demonspawn Summoner on Mar 31, 2022.
             Constricted to death by a ball python (1 damage)
             ... on level 1 of the Dungeon.
             The game lasted 00:00:47 (390 turns).

siradein the Caller (Demonspawn Summoner)            Turns: 390, Time: 00:00:47

Health: 0/13       AC:  2    Str:  8    XL:     1   Next: 25%
Magic:  1/3        EV:  9    Int: 16    God:
Gold:   15         SH:  0    Dex: 13    Spells: 3/4 levels left

rFire   . . .      SeeInvis .   (no weapon)
rCold   . . .      Faith    .   (no shield)
rNeg    . . .      Spirit   .   a - +0 robe
rPois   .          Reflect  .   (no helmet)
rElec   .          Harm     .   (no cloak)
rCorr   .          Rampage  .   (no gloves)
Will    .....                   (no boots)
Stlth   ++........              (no amulet)
HPRegen 0.04/turn               (no ring)
MPRegen 0.08/turn               (no ring)

@: constricted
A: no striking features
a: no special abilities


You were on level 1 of the Dungeon.
You visited 1 branch of the dungeon, and saw 1 of its levels.

You collected 15 gold pieces.

Inventory:

Armour
 a - a +0 robe (worn)
Potions
 b - a potion of magic


   Skills:
 + Level 1.8 Dodging
 - Level 1.7 Stealth
 + Level 2.0 Spellcasting
 * Level 4.0 Summonings


You had 3 spell levels left.
You knew the following spells:

 Your Spells              Type           Power      Damage    Failure   Level
a - Summon Small Mammal   Summ           56%        N/A       4%          1

Your spell library contained the following spells:

 Spells                   Type           Power      Damage    Failure   Level
 Call Imp                 Summ           14%        N/A       6%          2
 Call Canine Familiar     Summ           14%        N/A       12%         3
 Summon Guardian Golem    Hex/Summ       8%         N/A       26%         3
 Summon Lightning Spire   Summ/Air       8%         N/A       65%         4


Dungeon Overview and Level Annotations

Branches:
Dungeon (1/15)

Altars:


Message History

You swap places.
Your bat hits the kobold but does no damage.
Your bat barely misses the kobold.
The kobold completely misses your bat.
Your bat hits the kobold.
Your bat hits the kobold but does no damage.
The kobold hits your bat with a +0 short sword.
Your bat barely misses the kobold.
The kobold misses your bat.
Your bat closely misses the kobold.
The kobold barely misses your bat.
Your bat hits the kobold but does no damage. x2
The kobold misses your bat.
Your bat misses the kobold.
The kobold hits your bat with a +0 short sword.
Your bat dies!
Your bat's corpse disappears in a puff of smoke!
The kobold shouts!
Casting: Summon Small Mammal (safe; 4% risk of failure)
Confirm with . or Enter, or press ? or * to list all spells.
You swap places.
Your bat barely misses the kobold.
You swap places.
The kobold attacks as you move away! The kobold closely misses you.
Your bat misses the kobold.
You swap places.
The kobold attacks as you move away!
The kobold hits you with a +0 short sword.
Your bat barely misses the kobold.
Your bat barely misses the kobold.
You swap places.
Your bat hits the kobold but does no damage.
Your bat hits the kobold.
Your bat closely misses the kobold.
The kobold hits you with a +0 short sword.
Your bat barely misses the kobold.
Your bat closely misses the kobold.
The ball python bites you. The ball python grabs you.
The ball python constricts you.
You escape the ball python's grasp.
The kobold attacks as you move away! The kobold misses you.
The ball python closely misses you. x2
The ball python attacks as you move away!
The ball python bites you.
* * * LOW HITPOINT WARNING * * *
The ball python barely misses you. The ball python grabs you.
The ball python constricts you.
You die...

.##.###.#..#
.##.###....#####
....l...........
....###.#....... .#
#.#....... #####.#
#.#...♣... ..##..
#.#..†.8.. #.##.#
#.#....... #.##@#
#####.#....... #.##S#
#.....#.......
#.##.###.###.#.......
#.##K##...#........##
#...g...........##.#
##.........##.....#.#
#.....###.#######.#.#
#.#.### #.# #.#.#
#.#.# #.# #.#.#


You could see a hobgoblin, a ball python and a kobold.

Vanquished Creatures
  A frilled lizard (D:1)
1 creature vanquished.

Vanquished Creatures (collateral kills)
  A hobgoblin (D:1)
1 creature vanquished.

Grand Total: 2 creatures vanquished

Notes
Turn   | Place    | Note
-------+----------+-------------------------------------------
     0 | D:1      | siradein the Demonspawn Summoner began the quest for the
                  | Orb.
     0 | D:1      | Reached XP level 1. HP: 13/13 MP: 3/3
   390 | D:1      | Constricted to death by a ball python

Illustrated notes

Levels and vault maps discovered:
D:1:      wander_arrival_peaceful_grave, layout_loops_ring,
          hellmonk_ecumenical_altar_crossroads

Action                   || total
-------------------------++-------
Melee: Unarmed           ||    12
 Cast: Summon Small Mamm ||     6
Armor: Robe              ||     3
Dodge: Dodged            ||    16

Table legend: (Time is in decaauts)
 A = Elapsed time spent in this place.
 B = Non-inter-level travel time spent in this place.
 C = Inter-level travel time spent in this place.
 D = Time resting spent in this place.
 E = Time spent auto-exploring this place.
 F = Levels seen in this place.
 G = Mean time per level.
                   A        B        C        D        E       F      G
               +--------+--------+--------+--------+--------+-----+--------+
         Total |    390 |    390 |      0 |    216 |     91 |   1 |  390.0 |
       Dungeon |    390 |    390 |      0 |    216 |     91 |   1 |  390.0 |
               +--------+--------+--------+--------+--------+-----+--------+

Top non-repeatable levels by time:
     D:1: 390 daAuts
